← All builds
Pond / Armada / Economy first / OBSERVED BUILD

Standard pond

Standard Pond play: fast Bot Lab and early boosting into Advanced Metal Extractor, sending Tick/Pawn/Blitz to front while tidal-boosting allies throughout.

#eco #team support · 448 distinct matches · 96 players · 59% of Armada Pond games · team won 50% of 510 · Recently observed

HOW TO PLAY IT

Key timing: Bot Lab by 5:42

  1. Open tidal, then wind to start boosting front's economy.
  2. Take mex and keep boosting wind or tidal depending on front's needs.
  3. Get a Bot Lab up, start sending Tick and Pawn to front.
  4. Add Advanced Metal Extractor to scale up team's economy.
  5. Switch to tick spam if enemy reaches T2 front before you do.

Phase by phase

TYPICAL OF ITS 448 GAMES
  1. 1
  2. 2
PLAY THE OPENING

Follow the example game's first 6:00 step by step: what to build now, what comes next, and where it goes. At 1× it keeps pace with your own game.

  1. 1

    Up to the Bot Lab

    Economy
    • Metal Extractor4Mex
    • Wind Turbine10Wind
    • Tidal Generator8Tidalfor allies
    • Tidal Generator1Tidal
    • Energy Storage1Energy storage
    Order
    1. Bot LabBot Lab after 4 mex, 10 wind, 1 energy storagedone ~5:40, middle half 3:31–7:01

    Some games also: converter (44%)

    By 5:10 in all: 4 mex · 10 wind · 1 tidal · 1 energy storage

    The example game in this phase · 4 steps
    1. Tidal ×9for Suicide front
    2. Tidal
    3. Mex ×3
    4. Bot LabBot Labdone 2:37 · typical 5:40
  2. 2

    Bot Lab to 10:00

    Economy
    • Wind Turbine16Wind
    Builders
    • Construction Turret1 Con turret
    • Construction Bot2 Con bot

    Some games also: tick (49%) · Lazarus (48%) · converter (43%)

    By 10:00 in all: 4 mex · 31 wind · 1 tidal · 4 converter · 1 energy storage · 2 con turret

    The example game in this phase · 69 steps
    1. Construction BotCon bot
    2. Mex
    3. Wind ×2
    4. LazarusLazarus
    5. Wind ×6
    6. Converter
    7. Wind
    8. Naval Radar / Sonar TowerNaval Radar / Sonar Tower
    9. Con turret
    10. Wind
    11. Vehicle PlantVehicle Plantnot finished by 15:00
    12. Wind ×7
    13. Energy storage
    14. Wind ×7
    15. Bot LabBot Labdone 9:01
    16. LazarusLazarus ×10
    17. Advanced Metal ExtractorT2 mexdone 12:09 · typical 9:56
    18. TickTick ×5
    19. Construction BotCon botfor Geo sea
    20. TickTick
    21. Advanced Metal ExtractorT2 mex
    22. TickTick
    23. Con turret
    24. TickTick ×6
    25. Advanced Metal ExtractorT2 mex
    26. Con turret
    27. TickTick ×4
    28. Advanced Metal ExtractorT2 mex
    29. TickTick
    30. Construction BotCon bot
    31. TickTick ×4
    32. Con turret
    33. TickTick
    34. Con turret
    35. TickTick ×3
    36. Wind
    37. TickTick
    38. Wind
    39. TickTick
    40. Wind
    41. TickTick
    42. Wind
    43. TickTick ×2
    44. Wind
    45. TickTick
    46. Wind
    47. TickTick
    48. Wind
    49. TickTick
    50. Wind
    51. TickTick
    52. Construction BotCon bot
    53. Wind
    54. TickTick
    55. Wind
    56. TickTick
    57. Wind
    58. FerretFerret
    59. TickTick ×2
    60. Wind
    61. TickTick ×3
    62. Wind
    63. TickTick ×2
    64. Wind
    65. TickTick ×2
    66. Wind
    67. TickTick ×2
    68. Wind
    69. Construction BotCon bot

Counts are medians over the build's games: half of them build more, half fewer. The example game is RTX177013's (35 OS, 28/08/2026); pick another.

Team trades

IN AT LEAST 30% OF ITS GAMES

You hand over

  • Tidal Generator8 Tidal to Suicide front or Frontfirst at 0:10 · in 90% of games

You get

  • Hercules1 Light transport from Air or Techfirst at 4:26 · in 31% of games
  • Hephaestus1 Heavy transport from Air or Techfirst at 4:41 · in 38% of games
  • Fatboy1 Fatboy from Techfirst at 4:59 · in 40% of games
  • Sharpshooter2 Sniper bot from Techfirst at 5:15 · in 42% of games
  • Advanced Construction Bot1 T2 con bot from Techfirst at 8:17 · in 92% of games

How it plays out

Typical game of this build, running totals by minute

Metal produced

010k20k
0:005:0010:0015:00

metal

Enemy metal destroyed

02k4k6k
0:005:0010:0015:00

metal

Own metal lost

02k4k
0:005:0010:0015:00

metal

510 games.

Show as table
ByMetal produced: This buildEnemy metal destroyed: This buildOwn metal lost: This build
1:0011500
2:0027300
3:0081700
4:00151000
5:00223100
6:00298500
7:0038414800
8:0047421276148
9:0056932025379
10:0068722865720
11:00833433171188
12:001029036841616
13:001259342621966
14:001491447802454
15:001745653243030
WHAT THE NUMBERS SAY

This is the role's standard support job, winning slightly under half its games while contributing modest kills for modest losses.

  • + Keeps own losses fairly low relative to kills (2827 destroyed vs 756 lost by 10:00).
  • + Reaches T2 constructor reliably (89% of games) by 8:10.
  • − Metal production trails other roles at 6855 by 10:00.
  • − No kills registered by 5:00, slow to impact the fight.
THE EXAMPLE YOU ARE READING

RTX177013

35.3 OS · 28/08/2026

Open source match ↗

4 received units · includes a constructor
641 metal received · 15606 energy received

Allied construction assistance is unknown. Timings are observations, not a promise of solo reproducibility.

Typical milestones

Bot Lab5:40Middle 50%: 3:31–7:01 · n=459
Advanced Metal Extractor9:56Middle 50%: 9:01–10:38 · n=460

Played most by

Viltrum41games of this buildTeaner35games of this buildUsurpeR24games of this buildzeus_on_god24games of this buildRogShotz20games of this build